Map: Acid Plant LE

Players

Gemini

  • Race: Protoss Protoss
  • League: Grandmaster
  • Spawn Location: 11:00

A.I. 1 (Very Easy) - Winner!

  • Race: Zerg Zerg
  • Spawn Location: 5:00

VOD

Have the link to the VOD?

Description

Time

  • Played on: March 26, 2018, 1:53 p.m.
  • Length: 8:20
Show
View Real Time Build Order
Export as new Build Order

Gemini Protoss 

Build Orders: 1 Gate Expand, Zealot Archon, Dark Templar Rush 

Get SALT Encoding   

  12  0:00  Probe  
  13  0:12  Probe  
  14  0:18  Pylon  
  14  0:25  Probe (Chrono Boost)  
  15  0:37  Probe (Chrono Boost)  
  15  0:38  Gateway  
  16  0:45  Probe (Chrono Boost)  
  16  0:47  Assimilator  
  17  0:52  Probe  
  18  1:04  Probe  
  19  1:16  Probe  
  20  1:23  Nexus  
  20  1:33  Cybernetics Core  
  20  1:36  Probe  
  21  1:42  Assimilator  
  21  1:48  Probe  
  21  1:52  Pylon  
  22  2:00  Probe  
  23  2:08  Adept (Chrono Boost)  
  23  2:10  Warp Gate  
  23  2:12  Probe  
  26  2:25  Probe (Chrono Boost)  
  26  2:27  Stalker  
  29  2:36  Probe (Chrono Boost)  
  31  2:38  Twilight Council  
  31  2:42  Probe (Chrono Boost)  
  32  2:44  Probe (Chrono Boost)  
  32  2:49  Probe (Chrono Boost)  
  32  2:50  Probe  
  34  3:01  Probe  
  34  3:04  Probe  
  34  3:05  Robotics Facility  
  36  3:13  Probe  
  36  3:14  Dark Shrine  
  36  3:17  Probe  
  38  3:25  Probe  
  39  3:29  Probe  
  39  3:31  Gateway  
  39  3:37  Probe  
  39  3:40  Gateway  
  41  3:41  Gateway  
  41  3:43  Shield Battery  
  41  3:49  Warp Prism (Chrono Boost)  
  41  3:55  Pylon, Probe x2  
  45  4:00  Assimilator  
  45  4:01  Assimilator  
  45  4:07  Probe  
  46  4:11  Pylon  
  46  4:13  Probe  
  47  4:19  Probe  
  47  4:23  Pylon  
  48  4:25  Probe  
  48  4:26  Warp Prism (Chrono Boost)  
  51  4:38  Dark Templar x3  
  58  4:41  Dark Templar  
  58  4:44  Probe  
  60  5:05  Nexus  
  60  5:07  Pylon  
  60  5:24  Pylon  
  60  5:26  Dark Templar x4  
  68  5:29  Archon  
  68  5:30  Archon  
  68  5:37  Charge  
  68  5:38  Forge  
  68  5:39  Immortal (Chrono Boost)  
  72  5:43  Probe x2  
  74  5:55  Probe x2  
  76  6:04  Gateway  
  76  6:06  Gateway  
  76  6:07  Probe  
  76  6:08  Gateway  
  76  6:11  Gateway, Probe  
  78  6:13  Immortal (Chrono Boost), Protoss Ground Weapons Level 1 (Chrono Boost)  
  82  6:24  Sentry x2  
  86  6:26  Probe  
  86  6:27  Probe  
  86  6:29  Sentry  
  91  6:38  Probe  
  91  6:39  Probe  
  93  6:44  Pylon  
  93  6:46  Pylon  
  93  6:48  Probe  
  93  6:50  Probe  
  93  6:51  Immortal (Chrono Boost), Probe  
  99  6:57  Pylon  
  99  7:02  Probe  
  99  7:03  Dark Templar x2  
  99  7:04  Zealot  
  106  7:11  Probe  
  106  7:12  Probe  
  106  7:14  Archon  
  108  7:20  Immortal (Chrono Boost)  
  112  7:22  Zealot  
  112  7:23  Zealot x4  
  112  7:25  Archon x2  
  122  7:31  Dark Templar  
  124  7:38  Pylon  
  124  7:39  Pylon  
  124  7:42  Pylon  
  124  7:44  Dark Templar  
  124  7:47  Archon  
  124  7:58  Zealot x4  
  124  8:00  Zealot x2  
  136  8:06  Zealot  
  136  8:10  Pylon  
  136  8:12  Pylon  
  138  8:13  Pylon x2  
  138  8:14  Pylon  
Show
View Real Time Build Order
Export as new Build Order

A.I. 1 (Very Easy) Zerg - Winner!

Build Orders: Hatch First 

Get SALT Encoding   

  12  0:01  Drone  
  13  0:12  Overlord  
  13  0:17  Drone  
  14  0:40  Hatchery  
  13  0:45  Drone  
  14  1:04  Spawning Pool  
  13  1:05  Extractor  
  13  1:07  Drone  
  13  1:14  Drone  
  14  1:20  Overlord  
  14  1:51  Queen  
  14  1:52  Zergling x2  
  18  1:54  Zergling x2  
  18  2:01  Roach Warren  
  18  2:05  Drone  
  18  2:07  Extractor  
  17  2:12  Drone  
  18  2:16  Zergling x2  
  18  2:21  Drone  
  20  2:28  Drone  
  21  2:35  Drone  
  22  2:42  Drone  
  23  2:49  Drone  
  24  2:57  Drone, Lair  
  25  3:04  Drone  
  26  3:28  Drone  
  26  3:35  Drone  
  26  3:38  Overlord  
  28  3:42  Drone  
  28  3:49  Zergling x2, Drone  
  30  3:56  Drone  
  30  3:57  Spire  
  30  4:03  Drone  
  30  4:08  Overseer  
  31  4:11  Drone, Overseer  
  32  4:18  Drone  
  32  4:21  Overlord  
  33  4:25  Drone  
  34  4:32  Drone  
  35  4:39  Drone  
  36  4:46  Extractor  
  36  4:47  Drone  
  36  4:54  Drone, Extractor  
  36  5:01  Drone  
  36  5:04  Queen  
  36  5:06  Zergling x2  
  32  5:08  Drone  
  30  5:15  Drone  
  30  5:23  Drone  
  32  5:30  Drone  
  32  5:35  Roach  
  35  5:37  Drone  
  36  5:44  Drone  
  36  5:48  Queen  
  31  5:51  Drone  
  24  5:58  Drone  
  24  6:03  Zergling x2  
  26  6:05  Drone  
  27  6:13  Drone  
  28  6:20  Drone  
  29  6:27  Drone  
  30  6:33  Roach  
  30  6:34  Drone  
  30  6:41  Drone  
  27  6:47  Overseer  
  27  6:53  Drone  
  28  6:55  Overlord  
  28  7:01  Drone  
  29  7:14  Zergling x2, Drone  
  31  7:21  Drone  
  32  7:28  Drone  
  33  7:36  Drone  
  34  7:43  Drone  
  35  7:50  Drone  
  36  7:55  Zergling x2  
  36  7:58  Drone  
  38  8:05  Drone  
Tags
 
Add a new tag
Caveats
  • Supply blocks, unpowered buildings, or Contaminate may cause inaccurate times.
  • Supply counts are checked every 10 seconds.